 Dungeon Crawl Stone Soup version 0.31.0-9-g3a7656b989 (webtiles) character file.

Game seed: 1259466610169889511

45 Killerpretzel the Sneak (level 3, -1/16 HPs)
             Began as a Felid Air Elementalist on Feb 2, 2024.
             Slain by an adder (2 damage)
             ... on level 1 of the Dungeon.
             The game lasted 00:04:16 (1545 turns).

Killerpretzel the Sneak (Felid Air Elementalist)    Turns: 1545, Time: 00:04:17

Health: -1/16      AC:  1    Str:  4    XL:     3   Next: 42%
Magic:  0/7        EV: 17    Int: 20    God:
Gold:   56         SH:  0    Dex: 16    Spells: 3/6 levels left
                                        Lives:  0   Deaths: 1

rFire   . . .        (weapon unavailable)
rCold   . . .        (shield unavailable)
rNeg    . . .        (body armour unavailable)
rPois   .            (helmet unavailable)
rElec   .            (cloak unavailable)
rCorr   .            (gloves unavailable)
SInv    +            (boots unavailable)
Will    .....        (no amulet)
Stlth   ++           (no ring)
HPRegen 0.22/turn    (no ring)
MPRegen 0.10/turn

%: no passive effects
@: lethally poisoned (-1 -> -3)
A: very small, claws 1, fangs 3, see invisible, shaggy fur 1, stealthy paws, no
weapons or thrown items, no armour, multi-lived
a: no special abilities


You were on level 1 of the Dungeon.
You visited 1 branch of the dungeon, and saw 2 of its levels.

You collected 56 gold pieces.

Inventory:

Wands
 h - a wand of roots (6)
Scrolls
 c - a scroll of fear {unknown}
 d - a scroll of vulnerability {unknown}
 f - a scroll of enchant weapon {unknown}
 i - a scroll of brand weapon {unknown}
Potions
 a - a potion of magic
 b - a potion of curing {unknown}
 e - a potion of brilliance {unknown}
 g - a potion of attraction {unknown}


   Skills:
 + Level 3.1 Dodging
 + Level 3.3 Stealth
 + Level 2.3 Spellcasting
 * Level 1.9 Conjurations
 + Level 3.0 Air Magic


You had 3 spell levels left.
You knew the following spells:

 Your Spells              Type           Power      Damage    Failure   Level
a - Shock                 Conj/Air       48%        1d6       5%          1
b - Static Discharge      Conj/Air       24%        3-4/arc   9%          2

Your spell library contained the following spells:

 Spells                   Type           Power      Damage    Failure   Level
 Swiftness                Air            14%        N/A       13%         3
 Airstrike                Air            7%         2d(1-17)  41%         4


Dungeon Overview and Level Annotations

Branches:
Dungeon (2/15)

Altars:


Innate Abilities, Weirdness & Mutations

You have sharp claws.
You have razor-sharp teeth.
You have supernaturally acute eyesight. (SInv)
You are covered in fur. (AC +1)
Your paws help you pounce on unaware monsters.
You are incapable of wielding weapons or throwing items.
You cannot wear armour.
You gain extra lives every three experience levels.


Message History

You are poisoned.
The adder poisons you!
Casting: Shock (safe; 6% risk of failure)
Confirm with . or Enter, or press ? or * to list all spells.
The adder is struck by an arc of lightning.
You kill the adder!
You are struck by an arc of lightning.
The adder hisses angrily.
You feel sick.
Your Air Magic skill increases to level 3!
You feel sick.
You feel sick.
You feel sick. The adder bites you.
You are lethally poisoned!
The adder poisons you!
There is a stone staircase leading up here.
You feel sick. The adder completely misses you.
You climb upwards.
* * * LOW HITPOINT WARNING * * *
You feel sick.
There is a stone staircase leading down here.
Casting: Static Discharge (safe; 9% risk of failure)
Confirm with . or Enter, or press ? or * to list all spells.
Aiming: Shock (safe; 5% risk of failure)
Press: ? - help, Shift-Dir - straight line The zap hits the adder.
The adder is severely wounded.
The zap hits the adder.
The adder is severely wounded.
* * * LOW HITPOINT WARNING * * *
You feel sick. The adder closely misses you.
You scratch the adder but do no damage. You bite the adder.
The adder is almost dead.
* * * LOW HITPOINT WARNING * * *
You feel sick. The adder misses you. The adder closely misses you.
You barely miss the adder. Your bite misses the adder.
The adder is almost dead.
* * * LOW HITPOINT WARNING * * *
You feel sick. The adder bites you.
You die...

### #.# ###################.##
#.....................
############.#############..##.#.
...........#.###.# #..##.#.
##########.#.#.S.# #..##.#. #...#
#.#.#.#@# #..##.#. #...#
#.#.#.#.###### #..##.#. #...#
#.#.#.#.##...# #..##.#. #...#
#.#.#.#.##...# #..##.#. ##...#
#.#.#.#.##...# #..##... .....#
#.#.#.#.##...# #....... ##...#
#.......##...####.....#. #...#
#...#....'...'....##..#. ##.##
#...#..###...####.....#.


You could see an adder.

Vanquished Creatures
  2 adders (D:2)
  5 bats
  3 endoplasms
  3 giant cockroaches
  A goblin (D:1)
  A jackal (D:2)
  2 kobolds
  A quokka (D:1)
  3 ball pythons
  3 frilled lizards
  4 rats (D:1)
28 creatures vanquished.

Notes
Turn   | Place    | Note
-------+----------+-------------------------------------------
     0 | D:1      | Killerpretzel the Felid Air Elementalist began the quest
                  | for the Orb.
     0 | D:1      | Reached XP level 1. HP: 9/9 MP: 4/4
   144 | D:1      | Reached skill level 1 in Conjurations
   366 | D:1      | Reached XP level 2. HP: 13/13 MP: 3/6
   643 | D:1      | Learned a level 2 spell: Static Discharge
  1376 | D:2      | Slain by an adder
  1376 | D:2      | Lost a life (0 lives remaining)
  1437 | D:2      | Reached XP level 3. HP: 16/16 MP: 0/7
  1545 | D:1      | Slain by an adder

Illustrated notes

Levels and vault maps discovered:
D:1:      spicycebolla_arrival_clurvy, layout_basic, minmay_crystal_room,
          grunt_decor_fettered
D:2:      layout_basic, skrybe_limestone_x

Skill      XL: |  1  2  3 |
---------------+----------+-----
Conjurations   | 1 |  1.9
Stealth        | 3 |  3.3
Dodging        | 3 |  3.1
Air Magic      | 3 |  3.0
Spellcasting   | |  2.3

Action                     || total
---------------------------++-------
  Melee: Unarmed           ||    10
         Bite              ||     1
   Cast: Shock             ||    61
         Static Discharge  ||     1
    Use: Potion            ||     1
 Armour: Skin              ||    13
  Dodge: Dodged            ||    18
